 Dungeon Crawl Stone Soup version 0.24.1 (webtiles) character file.

Game seed: 17443581516134235672, levelgen mode: deterministic

88 Curus the Slasher (level 4, -3/39 HPs)
             Began as a Minotaur Monk on Apr 1, 2020.
             Slain by an ogre
             ... wielding a +0 giant club
              (23 damage)
             ... on level 4 of the Dungeon.
             The game lasted 00:04:31 (1297 turns).

Curus the Slasher (Minotaur Monk)                   Turns: 1297, Time: 00:04:32

Health: -3/39      AC: 10    Str: 16    XL:     4   Next: 29%
Magic:  3/3        EV:  7    Int:  7    God:
Gold:   106        SH:  0    Dex: 13    Spells: 3/3 levels left

rFire    . . .     SeeInvis .   a - +0 falchion
rCold    + . .     Gourm    .   (no shield)
rNeg     . . .     Faith    .   f - +2 chain mail {rPois}
rPois    +         Spirit   .   (helmet restricted)
rElec    .         Reflect  .   (no cloak)
rCorr    .         Harm     .   (no gloves)
MR       .....                  (no boots)
Stlth    ..........             (no amulet)
HPRegen  0.13/turn              e - ring of protection from cold
MPRegen  0.08/turn              (no ring)

@: no status effects
A: retaliatory headbutt, horns 2
a: no special abilities


You were on level 4 of the Dungeon.
You were not hungry.

You visited 1 branch of the dungeon, and saw 3 of its levels.

You collected 106 gold pieces.

Inventory:

Hand Weapons
 a - a +0 falchion (weapon)
Armour
 b - a +1 robe
 f - a +2 chain mail of poison resistance (worn)
Jewellery
 e - a ring of protection from cold (left hand)
Scrolls
 g - 2 scrolls of identify
 h - a scroll of enchant armour
 i - 3 scrolls of fear
Potions
 d - a potion of agility
Comestibles
 c - 2 rations


   Skills:
 - Level 3.6 Fighting
 + Level 6.2 Long Blades
 - Level 3.2 Dodging
 - Level 1.5 Stealth


You had 3 spell levels left.
You didn't know any spells.
Your spell library was empty.

Dungeon Overview and Level Annotations

Branches:
Dungeon (2/15)

Altars:
Ru

Annotations:
D:4 Natasha


Innate Abilities, Weirdness & Mutations

You reflexively headbutt those who attack you in melee.
You have a pair of horns on your head.


Message History

i - 3 scrolls of fear You see here a dart slug corpse.
Natasha, Servant of Life and Death comes into view.
Natasha moves out of view.
An ogre comes into view. It is wielding a +0 giant club.
Natasha casts a spell.
You hit the ogre. You headbutt the ogre!
The ogre is heavily wounded.
Your chain mail prevents you from hitting the ogre.
The ogre is heavily wounded.
The ogre hits you with a +0 giant club!
Your chain mail prevents you from hitting the ogre.
The ogre is heavily wounded.
The ogre hits you with a +0 giant club!
You hit the ogre.
You headbutt the ogre, but do no damage.
The ogre is heavily wounded.
The ogre hits you with a +0 giant club!!
Ouch! That really hurt!
You die...

#.# #.#
###########.#######
..................#
###########.##.##.####
...########..........#
##........#.####.##..##.
.#.#.#.#..#.. #.##.....
.#.#..#(#.####.#@Oh.#
.#.#...........###5...#
################ #####


You could see an ogre, Natasha and a white imp.

Vanquished Creatures
  A worker ant (D:4)
  An adder (D:2)
  2 oozes
  2 worms (D:2)
  2 dart slugs
  A leopard gecko (D:1)
  A ball python (D:2)
  3 bats
  3 giant cockroaches
  4 goblins (D:1)
  2 hobgoblins
  6 jackals (D:1)
  5 kobolds (D:1)
  A frilled lizard (D:1)
  A rat (D:1)
35 creatures vanquished.

Notes
Turn   | Place    | Note
-------+----------+-------------------------------------------
     0 | D:1      | Curus the Minotaur Monk began the quest for the Orb.
     0 | D:1      | Reached XP level 1. HP: 19/19 MP: 0/0
    33 | D:1      | Reached skill level 4 in Long Blades
   261 | D:1      | Reached XP level 2. HP: 26/26 MP: 1/1
   733 | D:1      | Reached skill level 5 in Long Blades
   777 | D:1      | Reached XP level 3. HP: 31/31 MP: 2/2
  1168 | D:2      | Found a sacrificial altar of Ru.
  1222 | D:2      | You fall into a shaft and drop 2 floors!
  1228 | D:4      | Reached skill level 6 in Long Blades
  1228 | D:4      | Reached XP level 4. HP: 34/39 MP: 3/3
  1291 | D:4      | Noticed Natasha
  1292 | D:4      | Noticed an ogre
  1297 | D:4      | Slain by an ogre

Levels and vault maps discovered:
D:1:      dpeg_arrival_fog, layout_basic
D:2:      layout_rooms, lemuel_round_altar, elyvilon_altar_5
D:4:      minmay_thinvault, layout_gridville, minmay_temple_entry_statues,
          uniq_natasha

Skill      XL: |  1  2  3 |
---------------+----------+-----
Long Blades    | 4 5 6 |  6.2
Fighting       | |  3.6
Dodging        | |  3.2
Stealth        | |  1.5

Action                   |  1- 3 |  4- 6 || total
-------------------------+-------+-------++-------
Melee: Falchion          |    78 |     8 ||    86
       Headbutt          |    13 |     3 ||    16
  Use: Scroll            |     2 |     2 ||     4
       Potion            |     2 |       ||     2
  Eat: Chunk             |     1 |       ||     1
Armor: Robe              |     1 |       ||     1
       Chain mail        |    43 |     2 ||    45
Dodge: Dodged            |    29 |       ||    29
       Rpst.: Falchion   |     8 |       ||     8
